[Event "Titled Tuesday Blitz November 22 Early 2022"]
[White "Fathy, Elameir"]
[Black "Salinas Herrera, Pablo"]
[WhiteFideId "10600396"]
[BlackFideId "3407128"]
[WhiteElo "2311"]
[BlackElo "2557"]
[Result "0-1"]
[Round "04"]
[TimeControl "180+1"]
[Date "2022.11.23"]
[WhiteClock "0:00:11"]
[BlackClock "0:00:35"]

1. d4 d5 2. c4 c6 3. Nf3 Nf6 4. g3 Bg4 5. Ne5 Bf5 6. cxd5 Qxd5 7. f3 Bxb1 8. Rxb1 Qxa2 9. Bd2 Nbd7 10. e4 Nxe5 11. dxe5 Nd7 12. f4 e6 13. Qc2 Bc5 14. Bc4 Qxb1+ 15. Qxb1 O-O 16. Ke2 Rfd8 17. b4 Bd4 18. Be3 Bxe3 19. Kxe3 b5 20. Bb3 a5 21. bxa5 Nc5 22. Rd1 Rdc8 23. Qa2 Nb7 24. a6 Nc5 25. a7 h6 26. Ra1 Rc7 27. Bc2 Rd7 28. Qa3 Na4 29. Bxa4 Rdxa7 30. Qc3 bxa4 31. Qxc6 a3 32. f5 Ra6 33. Qc5 a2 34. h4 Ra3+ 35. Kf4 R3a6 36. h5 Ra5 37. Qc4 Ra4 38. Qb3 exf5 39. Kxf5 R4a6 40. g4 Ra3 41. Qd5 Rf3# 0-1


[Site "https://www.chess.com"]

[Event "Titled Tuesday Blitz November 22 Early 2022"]
[White "Fecker, Noah"]
[Black "Hambleton, Aman"]
[WhiteFideId "1334263"]
[BlackFideId "2606577"]
[WhiteElo "2291"]
[BlackElo "2538"]
[Result "0-1"]
[Round "04"]
[TimeControl "180+1"]
[Date "2022.11.23"]
[WhiteClock "0:00:11"]
[BlackClock "0:00:04"]

1. e4 b6 2. a4 Bb7 3. Nc3 a6 4. f4 e6 5. Nf3 Bb4 6. Qe2 Nf6 7. e5 Nd5 8. g3 Nxc3 9. bxc3 Be7 10. Bg2 d6 11. O-O O-O 12. c4 d5 13. Bb2 dxc4 14. Qxc4 Nc6 15. Bc3 Qd7 16. Qe2 Rfd8 17. d3 Bc5+ 18. Kh1 Nd4 19. Nxd4 Bxg2+ 20. Qxg2 Bxd4 21. Bxd4 Qxd4 22. Rfb1 Rab8 23. Ra2 h6 24. Qc6 Qd7 25. Qc4 b5 26. axb5 axb5 27. Qe4 c5 28. Ra6 b4 29. Rc6 Rbc8 30. Rb6 Rc7 31. Ra1 Qe7 32. Kg2 g6 33. Qc4 Kg7 34. Kf2 Rdc8 35. Rba6 h5 36. Rg1 Rd7 37. Qe4 c4 38. dxc4 Rdc7 39. Kf1 Rxc4 40. Qd3 Rxc2 41. Rd6 Qb7 42. Rd7 Qb6 43. Rg2 Rxg2 44. Kxg2 b3 45. f5 gxf5 46. Qd2 Qc6+ 47. Kh3 Kg6 48. Kh4 Qe4+ 49. Kh3 Qg4+ 50. Kg2 Rc2 0-1


[Site "https://www.chess.com"]

[Event "Titled Tuesday Blitz November 22 Early 2022"]
[White "Fernandez Garcia, Gumersindo"]
[Black "Koridze, Lile"]
[WhiteFideId "24516740"]
[BlackFideId "13612514"]
[WhiteElo "2140"]
[BlackElo "2050"]
[Result "1-0"]
[Round "04"]
[TimeControl "180+1"]
[Date "2022.11.23"]
[WhiteClock "0:00:24"]
[BlackClock "0:00:22"]

1. d4 Nf6 2. c4 e6 3. Nf3 d5 4. g3 Bb4+ 5. Bd2 Be7 6. Bg2 O-O 7. O-O c6 8. Bf4 b6 9. Qc2 Bb7 10. Rd1 Nbd7 11. Nc3 Rc8 12. e4 dxe4 13. Nxe4 Nxe4 14. Qxe4 Nf6 15. Qc2 h6 16. c5 Nd5 17. Ne5 bxc5 18. dxc5 Qa5 19. Nd3 Ba6 20. Bd2 Bxd3 21. Qxd3 Qxc5 22. Rac1 Qb6 23. b3 Rfd8 24. Qc4 c5 25. Qg4 Kh8 26. Qh5 Nf6 27. Qxf7 Bf8 28. Bxh6 Rxd1+ 29. Rxd1 Rd8 30. Rxd8 Qxd8 31. Bg5 e5 32. h3 a5 33. Kh2 Bd6 34. Bxf6 Qxf6 35. Qh5+ Kg8 36. Qe8+ Kh7 37. Be4+ g6 38. Qd7+ Kh8 39. Qe8+ Kh7 40. Kg2 Bf8 41. h4 Kg7 42. h5 gxh5 43. Qxh5 Qh6 44. Qg4+ Kf6 45. Qf5+ Ke7 46. Qxe5+ Qe6 47. Qxc5+ Kd8 48. Qxa5+ Ke7 49. Qc7+ Kf6 50. Qf4+ Kg7 51. Qg5+ Kh8 52. Qh5+ Bh6 53. Bf3 Kg7 54. Qg4+ 1-0


[Site "https://www.chess.com"]

[Event "Titled Tuesday Blitz November 22 Early 2022"]
[White "Fiol, Fabrice"]
[Black "Berezin, Viktor"]
[WhiteFideId "611670"]
[BlackFideId "14107872"]
[WhiteElo "2446"]
[BlackElo "2310"]
[Result "1-0"]
[Round "04"]
[TimeControl "180+1"]
[Date "2022.11.23"]
[WhiteClock "0:01:29"]
[BlackClock "0:01:22"]

1. e4 c6 2. Nf3 d5 3. d3 Bg4 4. Be2 Nf6 5. Nbd2 e6 6. O-O Be7 7. Ne5 Bxe2 8. Qxe2 Nbd7 9. Nxd7 Nxd7 10. c3 Qc7 11. a4 a6 12. d4 dxe4 13. Nxe4 O-O 14. Be3 h6 15. Nd2 c5 16. Qg4 Kh8 17. Rfe1 Nf6 18. Qg3 Qxg3 19. hxg3 Nd5 20. dxc5 Nxe3 21. Rxe3 Bxc5 22. Re2 Rfd8 23. Kf1 Kh7 24. g4 Kg6 25. Ne4 Ba7 26. Ke1 Rd5 27. Rd1 Rad8 28. Rxd5 Rxd5 29. Rd2 Re5 30. Re2 f5 31. gxf5+ exf5 32. Nd6 Rxe2+ 33. Kxe2 Kf6 34. Nxb7 Ke7 35. Na5 Kd6 36. Nc4+ Kd5 37. Ne3+ Ke4 38. f3+ Kf4 39. Nd5+ Ke5 40. Nb4 a5 41. Nc6+ Kd6 42. Nxa7 1-0


[Site "https://www.chess.com"]

[Event "Titled Tuesday Blitz November 22 Early 2022"]
[White "Firouzja, Alireza"]
[Black "Pultinevicius, Paulius"]
[WhiteFideId "12573981"]
[BlackFideId "12809390"]
[WhiteElo "2903"]
[BlackElo "2493"]
[Result "0-1"]
[Round "04"]
[TimeControl "180+1"]
[Date "2022.11.22"]
[WhiteClock "0:00:04"]
[BlackClock "0:00:03"]

1. d4 Nf6 2. Bg5 d5 3. e3 Nbd7 4. c4 e6 5. Nc3 Be7 6. Nf3 O-O 7. Qc2 h6 8. Bh4 c6 9. Rd1 b6 10. a3 Ba6 11. Ne5 Nxe5 12. dxe5 Nd7 13. Bxe7 Qxe7 14. cxd5 Bxf1 15. d6 Qg5 16. Kxf1 Qxe5 17. g3 Rfd8 18. e4 Nf6 19. Qe2 g5 20. h4 g4 21. Kg2 h5 22. Rd3 Rd7 23. Rhd1 Rad8 24. Qc2 Rxd6 25. Rxd6 Rxd6 26. Re1 Rd4 27. Qc1 Kg7 28. Re3 c5 29. Qc2 a6 30. a4 Rb4 31. Kh2 b5 32. axb5 axb5 33. Qe2 c4 34. Qd2 Rb3 35. Re2 b4 36. Nd1 Rd3 37. Qc2 b3 38. Qc1 Nxe4 39. Ne3 c3 40. bxc3 Nxf2 41. c4 b2 42. Qxb2 Qxb2 43. Rxb2 Rxe3 44. Rxf2 Rc3 45. Rf4 f5 46. Rd4 Kf6 47. Kg2 Ke7 48. Kf2 Rf3+ 49. Kg2 Rc3 50. Kf2 e5 51. Rd5 Ke6 52. Rc5 Rc2+ 53. Kf1 f4 54. gxf4 exf4 55. Rxh5 Rxc4 56. Rg5 g3 57. Kg2 Rc2+ 58. Kg1 Kf6 59. Kf1 Rh2 60. Rh5 Kg6 61. Rg5+ Kf6 62. Ra5 Rxh4 63. Kg2 Rh2+ 64. Kg1 Rd2 65. Ra6+ Kg5 66. Ra2 Rxa2 0-1


[Site "https://www.chess.com"]

[Event "Titled Tuesday Blitz November 22 Early 2022"]
[White "Gabrielian, Artur"]
[Black "Ozen, Bahadir"]
[WhiteFideId "4131002"]
[BlackFideId "6337058"]
[WhiteElo "2432"]
[BlackElo "2503"]
[Result "1/2-1/2"]
[Round "04"]
[TimeControl "180+1"]
[Date "2022.11.22"]
[WhiteClock "0:00:07"]
[BlackClock "0:00:04"]

1. e4 d6 2. d4 Nf6 3. Nc3 e5 4. Nf3 Nbd7 5. Bc4 Be7 6. O-O O-O 7. a4 c6 8. h3 exd4 9. Nxd4 Nc5 10. Re1 Be6 11. Bxe6 Nxe6 12. Nf5 Re8 13. Nxe7+ Qxe7 14. b3 Rad8 15. Bb2 d5 16. exd5 Nxd5 17. Nxd5 Rxd5 18. Qf3 Red8 19. Qg3 Rg5 20. Qe3 a5 21. Rad1 Rgd5 22. Rxd5 Rxd5 23. Qg3 h6 24. Qxg7+ Nxg7 25. Rxe7 Rd1+ 26. Kh2 Rd2 27. Rxb7 Rxc2 28. Bd4 Nf5 29. Bb6 h5 30. g4 hxg4 31. hxg4 Nd6 32. Rb8+ Kh7 33. Kg2 c5 34. Bxa5 Ne4 35. Be1 Rc1 36. Kf1 Rb1 37. Ke2 Rb2+ 38. Ke3 Nf6 39. f3 Nd5+ 40. Kd3 Nf4+ 41. Kc4 Re2 42. Bc3 Rc2 43. Rh8+ Kg6 44. Re8 Ne2 45. Re3 Nf4 46. a5 Ra2 47. Kb5 Nd5 48. Rd3 Nf4 49. Rd6+ Kh7 50. Be5 Ne6 51. a6 Ra3 52. Kb6 Rxb3+ 53. Kc6 c4 54. a7 Ra3 55. Kb7 Nc5+ 56. Kb8 Rb3+ 57. Kc8 Ra3 58. Bd4 Ne6 59. Kb7 Nxd4 60. Rxd4 Rb3+ 61. Kc8 Ra3 62. Kb7 Rb3+ 63. Ka8 c3 64. Rc4 Kg6 65. Rc5 f6 66. f4 Kf7 67. Rc6 Kg7 68. f5 Kf7 69. Rc7+ Kg8 70. Rb7 c2 71. Rc7 Rb2 72. Rc6 Kg7 73. Rc7+ Kh6 74. Rc6 Kg5 75. Rc4 Kh4 76. Rc6 Kg5 77. Rc4 Kh4 78. Rc6 Kg5 1/2-1/2


[Site "https://www.chess.com"]

[Event "Titled Tuesday Blitz November 22 Early 2022"]
[White "Gedgafov, Chamal"]
[Black "Simonovic, Miroslav"]
[WhiteFideId "34130621"]
[BlackFideId "919152"]
[WhiteElo "2067"]
[BlackElo "2043"]
[Result "0-1"]
[Round "04"]
[TimeControl "180+1"]
[Date "2022.11.23"]
[WhiteClock "0:02:04"]
[BlackClock "0:00:14"]

1. d4 Nf6 2. Nf3 c5 3. c3 b6 4. Bf4 Bb7 5. e3 g6 6. h3 Bg7 7. Be2 O-O 8. O-O d6 9. a4 Nbd7 10. Re1 Re8 11. Bh2 e5 12. dxe5 dxe5 13. Nfd2 Qe7 14. Nc4 Bc6 15. Qd6 Qxd6 16. Nxd6 Re6 17. Nc4 Ne4 18. Nbd2 f5 19. Nxe4 Bxe4 20. Rad1 Re7 21. Nd6 Bc2 22. Bc4+ Kf8 23. Ra1 Rd8 24. Nb5 a6 25. Nc7 a5 26. Ne6+ Rxe6 27. Bxe6 Ke7 28. Bc4 e4 29. Bb5 Ne5 30. Bxe5 Bxe5 31. Re2 Bd3 32. Rd2 c4 33. Rad1 Rc8 34. g3 Rc5 35. Kg2 h5 36. h4 Kf6 37. Ra1 Kg7 38. Rdd1 Kf6 39. Rdc1 Ke6 40. Ra3 Bd6 41. b3 Rxb5 42. axb5 Bxa3 43. Rd1 cxb3 0-1


[Site "https://www.chess.com"]

[Event "Titled Tuesday Blitz November 22 Early 2022"]
[White "Gheorghiu, Calin"]
[Black "Bon, Michael"]
[WhiteFideId "1200305"]
[BlackFideId "620696"]
[WhiteElo "2225"]
[BlackElo "2328"]
[Result "0-1"]
[Round "04"]
[TimeControl "180+1"]
[Date "2022.11.23"]
[WhiteClock "0:01:13"]
[BlackClock "0:00:19"]

1. e4 e6 2. d4 d5 3. Nc3 Nf6 4. e5 Nfd7 5. f4 c5 6. Nf3 Nc6 7. Be3 Qb6 8. a3 a6 9. Qd2 Qxb2 10. Ra2 Qb6 11. Ra1 Qa5 12. Bd3 c4 13. Be2 Bb4 14. axb4 Qxa1+ 15. Nd1 c3 16. Qxc3 Qxc3+ 17. Nxc3 Nxb4 18. Kd2 b5 19. g4 Nb6 20. f5 exf5 21. gxf5 Bxf5 22. Bd3 Nc4+ 23. Bxc4 dxc4 24. Ne1 O-O-O 25. Rg1 g6 26. h4 Rhe8 27. Kc1 Nd5 28. Nxd5 Rxd5 29. c3 a5 30. Ng2 Kb7 31. Nf4 Rd7 32. Kb2 h5 33. Ra1 Ra8 34. d5 b4 35. d6 Kc6 36. Ne2 b3 37. Ra4 Bd3 38. Nd4+ Kd5 39. Ra1 Kxe5 40. Nc6+ Kxd6 41. Nxa5 Kd5 42. Bb6 Re7 43. Ka3 Re2 0-1


[Site "https://www.chess.com"]

[Event "Titled Tuesday Blitz November 22 Early 2022"]
[White "Ghosh, Chanchal Kumer"]
[Black "Pajeken, Jakob Leon"]
[WhiteFideId "10201858"]
[BlackFideId "12942839"]
[WhiteElo "2058"]
[BlackElo "2429"]
[Result "0-1"]
[Round "04"]
[TimeControl "180+1"]
[Date "2022.11.23"]
[WhiteClock "0:00:01"]
[BlackClock "0:00:10"]

1. e4 e5 2. Nf3 Nc6 3. Bc4 Bc5 4. c3 Nf6 5. d4 exd4 6. cxd4 Bb4+ 7. Nc3 Nxe4 8. O-O Bxc3 9. d5 Ne7 10. bxc3 O-O 11. Re1 Nd6 12. Bd3 Ng6 13. Bg5 f6 14. Be3 Nf7 15. d6 Nxd6 16. Bc5 Nf4 17. Bc2 Ne6 18. Bxd6 cxd6 19. Qxd6 Qb6 20. Qg3 Qc7 21. Qh3 g6 22. Nh4 Ng5 23. Bb3+ Kh8 24. Nxg6+ Kg7 25. Re7+ Kxg6 26. Qh4 Qxc3 27. Rae1 d5 28. f4 Qd4+ 29. Kh1 Bf5 30. Bxd5 Rad8 31. Bxb7 Rd7 32. Rxd7 Bxd7 33. Bf3 Nxf3 34. gxf3 Bf5 35. Rg1+ Kf7 36. Qh6 Rg8 37. Qh5+ Bg6 38. Qh3 Qxg1+ 39. Kxg1 Bf5+ 40. Qg3 Rxg3+ 41. hxg3 Bb1 42. a3 Ke6 43. Kf2 Kd5 44. Ke3 Kc4 45. g4 h6 0-1


[Site "https://www.chess.com"]

[Event "Titled Tuesday Blitz November 22 Early 2022"]
[White "Ginzburg, Yakov"]
[Black "Tabatabaei, M. Amin"]
[WhiteFideId "4157176"]
[BlackFideId "12521213"]
[WhiteElo "2305"]
[BlackElo "2557"]
[Result "0-1"]
[Round "04"]
[TimeControl "180+1"]
[Date "2022.11.23"]
[WhiteClock "0:00:02"]
[BlackClock "0:02:05"]

1. d4 e6 2. Nf3 b6 3. e4 Bb7 4. Bd3 d5 5. Nbd2 c5 6. c3 cxd4 7. Nxd4 e5 8. Bb5+ Nd7 9. Nc6 Qc7 10. exd5 a6 11. Be2 Ngf6 12. Bf3 Bd6 13. O-O O-O 14. Re1 Nc5 15. Nb3 e4 16. Nxc5 Bxh2+ 17. Kh1 bxc5 18. Bxe4 Nxe4 19. Rxe4 Bxc6 20. dxc6 Qxc6 21. Rh4 Bc7 22. Qh5 Qg6 23. Qxg6 hxg6 24. Be3 Rfb8 25. b3 Be5 26. Rc1 Rb5 27. Rc4 Rc8 28. Rd1 Bf6 29. Rd5 Ra5 30. a4 Rb8 31. b4 Rxa4 32. Rdxc5 g5 33. g4 Kh7 34. Kg2 Kg6 35. Kg3 Ra1 36. Kg2 Rh8 37. f3 Ra2+ 38. Bf2 Rd8 39. Ra5 Rc2 40. Ra1 Rdd2 41. Rf1 Rxc3 42. Rxc3 Bxc3 43. Kg3 Be5+ 44. Kh3 Rb2 45. Bg3 Bxg3 46. Kxg3 Rxb4 47. Ra1 Rb6 48. Ra5 f6 49. f4 Kf7 50. fxg5 fxg5 51. Rxg5 Rb5 52. Rxb5 axb5 53. Kf4 Kf6 54. Ke4 Kg5 0-1


[Site "https://www.chess.com"]

[Event "Titled Tuesday Blitz November 22 Early 2022"]
[White "Gjestemoen-VonHirsch, Andre"]
[Black "Piesik, Piotr"]
[WhiteFideId "1539531"]
[BlackFideId "1136194"]
[WhiteElo "2198"]
[BlackElo "2316"]
[Result "0-1"]
[Round "04"]
[TimeControl "180+1"]
[Date "2022.11.23"]
[WhiteClock "0:00:05"]
[BlackClock "0:01:36"]

1. b3 d5 2. Bb2 c5 3. e3 a6 4. Nf3 Nc6 5. Be2 Bf5 6. a3 e6 7. O-O Nf6 8. d4 cxd4 9. Nxd4 Nxd4 10. exd4 Bd6 11. Nd2 O-O 12. Nf3 Ne4 13. Bd3 Rc8 14. Rc1 Qe7 15. Re1 Bxa3 16. Bxa3 Qxa3 17. Nh4 Nc3 18. Qf3 Bxd3 19. Qxd3 Rc6 20. Nf3 f6 21. Ra1 Qb4 22. Re3 Qb5 23. Qd2 Ne4 24. Qd3 Qxd3 25. cxd3 Nc3 26. Rae1 Kf7 27. h4 Re8 28. g4 Nb5 29. Kg2 Rc3 30. Kg3 Rxb3 31. g5 a5 32. h5 h6 33. g6+ Kf8 34. Rxe6 Rxe6 35. Rxe6 Rxd3 36. Kf4 Rxf3+ 0-1


[Site "https://www.chess.com"]

[Event "Titled Tuesday Blitz November 22 Early 2022"]
[White "Goldin, Alexander"]
[Black "Bashirli, Saadat"]
[WhiteFideId "2019540"]
[BlackFideId "13429990"]
[WhiteElo "2629"]
[BlackElo "1408"]
[Result "1-0"]
[Round "04"]
[TimeControl "180+1"]
[Date "2022.11.23"]
[WhiteClock "0:00:27"]
[BlackClock "0:00:03"]

1. Nf3 d5 2. g3 Nf6 3. Bg2 Bg4 4. O-O e6 5. c4 c6 6. Qb3 Qc7 7. d4 Nbd7 8. Bf4 Qc8 9. Nc3 Be7 10. Rac1 O-O 11. h3 Bf5 12. Nh4 Be4 13. Nxe4 Nxe4 14. Nf3 Nb6 15. Ne5 f6 16. Nf3 Nxc4 17. Rxc4 dxc4 18. Qxc4 Bd6 19. Be3 b5 20. Qb3 a5 21. Rc1 a4 22. Qd3 f5 23. Nd2 Ra6 24. Nxe4 fxe4 25. Bxe4 g6 26. Kg2 Kg7 27. h4 e5 28. d5 c5 29. Qxb5 Rf7 30. Qd3 Qb7 31. h5 Rf6 32. hxg6 hxg6 33. Rh1 Ra8 34. Bh6+ Kf7 35. Bg5 Rg8 36. Bxf6 Kxf6 37. Qf3+ Kg5 38. Rh4 Rf8 39. Qe3+ Kf6 40. Rh6 Qg7 41. Rxg6+ Qxg6 42. Bxg6 Kxg6 43. Qe4+ Kf6 44. Qxa4 Rb8 45. Qd7 Rb6 46. a4 Be7 47. e4 Rxb2 48. Qf5+ Kg7 49. Qxe5+ Bf6 50. Qc7+ Kg6 51. e5 Bg5 52. Qxc5 Kf5 53. a5 1-0


[Site "https://www.chess.com"]

[Event "Titled Tuesday Blitz November 22 Early 2022"]
[White "Goltsev, Dmitry"]
[Black "Xiong, Jeffery"]
[WhiteFideId "24176710"]
[BlackFideId "2047640"]
[WhiteElo "2289"]
[BlackElo "2725"]
[Result "0-1"]
[Round "04"]
[TimeControl "180+1"]
[Date "2022.11.22"]
[WhiteClock "0:00:18"]
[BlackClock "0:00:34"]

1. e4 e6 2. d4 d5 3. exd5 exd5 4. Nf3 Bd6 5. Bd3 Bg4 6. h3 Bh5 7. O-O Nc6 8. c4 dxc4 9. Bxc4 Nf6 10. Re1+ Kf8 11. Bg5 h6 12. Bh4 g5 13. Bg3 Bxg3 14. fxg3 Bxf3 15. Qxf3 Qxd4+ 16. Kh2 g4 17. Qb3 gxh3 18. Qxb7 Qxc4 19. Qxa8+ Kg7 20. Qb7 Qd5 21. gxh3 Rb8 22. Qa6 Rxb2+ 23. Re2 Nb4 24. Qxf6+ Kxf6 25. Rxb2 Qd4 26. Nc3 Qxc3 27. Rf1+ Kg6 28. Rbf2 f6 29. h4 h5 30. Rf3 Qe5 31. R1f2 c5 32. Kh3 Nd5 33. g4 Qe6 34. Kh2 hxg4 35. h5+ Kxh5 36. Rg3 f5 37. Rd2 f4 38. Rgd3 g3+ 39. Kg1 Qe1+ 40. Kg2 Kg4 0-1


[Site "https://www.chess.com"]

[Event "Titled Tuesday Blitz November 22 Early 2022"]
[White "Goltseva, Ekaterina"]
[Black "Jimenez Almeida, Luis David"]
[WhiteFideId "24173770"]
[BlackFideId "22242244"]
[WhiteElo "2200"]
[BlackElo "2158"]
[Result "0-1"]
[Round "04"]
[TimeControl "180+1"]
[Date "2022.11.23"]
[WhiteClock "0:00:01"]
[BlackClock "0:00:10"]

1. d4 g6 2. Nf3 Bg7 3. g3 f5 4. Bg2 Nf6 5. c4 d6 6. O-O O-O 7. Nc3 Nc6 8. d5 Ne5 9. Nxe5 dxe5 10. e4 f4 11. gxf4 exf4 12. Bxf4 Nxe4 13. Bg3 Nxg3 14. fxg3 Rxf1+ 15. Qxf1 Bf5 16. Re1 Qd6 17. Kh1 Rf8 18. Qe2 Qb4 19. Qxe7 Qxb2 20. Nb5 c6 21. dxc6 bxc6 22. Bxc6 Qxa2 23. Bd5+ Kh8 24. Nd6 Qf2 25. Ne8 Qd4 26. Nxg7 Qxg7 27. Qxg7+ Kxg7 28. Re7+ Kf6 29. Rxa7 h5 30. c5 Ke5 31. Bg2 Rc8 32. c6 Kd6 33. h4 Rc7 34. Ra8 Be6 35. Rd8+ Ke5 36. Re8 Kd6 37. Kh2 Bf5 38. Rf8 Ra7 39. Rf6+ Ke5 40. Rf8 Ra2 41. c7 Rc2 42. Re8+ Kd6 43. c8=Q Bxc8 44. Re3 Bb7 45. Rd3+ Ke5 46. Re3+ Kf5 47. Kg1 Rxg2+ 48. Kf1 Rb2 49. Rd3 Kg4 0-1


[Site "https://www.chess.com"]

[Event "Titled Tuesday Blitz November 22 Early 2022"]
[White "Golubev, Mikhail"]
[Black "Erdogdu, Mert"]
[WhiteFideId "14100983"]
[BlackFideId "6301495"]
[WhiteElo "2374"]
[BlackElo "2413"]
[Result "0-1"]
[Round "04"]
[TimeControl "180+1"]
[Date "2022.11.23"]
[WhiteClock "0:00:01"]
[BlackClock "0:00:17"]

1. e4 c5 2. Nf3 d6 3. d4 cxd4 4. Nxd4 Nf6 5. Nc3 e6 6. Bc4 Na6 7. f4 Nc5 8. Qf3 a6 9. Bb3 b5 10. f5 Bd7 11. fxe6 fxe6 12. O-O Be7 13. e5 dxe5 14. Nc6 Bxc6 15. Qxc6+ Kf7 16. Ne4 Qd4+ 17. Kh1 Qxe4 18. Bxe6+ Kg6 19. Bf5+ Qxf5 20. Rxf5 Kxf5 21. g4+ Kxg4 22. Be3 Rac8 23. Qg2+ Kf5 24. Rf1+ Ke6 25. Qxg7 Nce4 26. c3 Rcg8 27. Qh6 Rg4 28. Qh3 h5 29. Qf3 Nd6 30. Bc5 Rf4 31. Qh3+ Ng4 32. Rxf4 exf4 33. Kg2 Rh6 34. Kf1 Kd7 35. Qd3 Rf6 36. a4 Nxh2+ 37. Kg2 Ng4 38. axb5 f3+ 39. Kg3 axb5 0-1


[Site "https://www.chess.com"]

[Event "Titled Tuesday Blitz November 22 Early 2022"]
[White "Goncalves, Davi Sulzbacher"]
[Black "Rosenberg, Evan S"]
[WhiteFideId "2154510"]
[BlackFideId "2019299"]
[WhiteElo "2182"]
[BlackElo "2348"]
[Result "1-0"]
[Round "04"]
[TimeControl "180+1"]
[Date "2022.11.23"]
[WhiteClock "0:00:17"]
[BlackClock "0:00:08"]

1. Nf3 d5 2. g3 Nd7 3. d4 Nb6 4. a4 a5 5. Bg2 Nf6 6. O-O Bf5 7. b3 e6 8. Nbd2 h6 9. c4 Bb4 10. Bb2 c6 11. Ne5 O-O 12. Nd3 Bxd2 13. Qxd2 dxc4 14. Nc5 Qc7 15. e4 Bg6 16. Qc3 cxb3 17. Qxb3 Nbd7 18. Ba3 Nxc5 19. Bxc5 Rfe8 20. Bb6 Qd7 21. Rfe1 e5 22. Rad1 exd4 23. Rxd4 Qe6 24. Qxe6 Rxe6 25. f3 Nd5 26. Bc5 b6 27. Ba3 Nb4 28. Bxb4 axb4 29. Rxb4 c5 30. Rc4 Rd6 31. Rb1 Ra6 32. Bf1 Ra5 33. f4 Rd4 34. Rxd4 cxd4 35. f5 Bh5 36. Bb5 Bf3 37. Re1 d3 38. Bxd3 Rxa4 39. Kf2 Bg4 40. Ke3 Ra3 41. Rb1 g6 42. f6 Ra2 43. h4 g5 44. hxg5 hxg5 45. Rb5 Kf8 46. Rxb6 Ke8 47. Rb8+ Kd7 48. Rb6 Be6 49. e5 Ra3 50. Kd4 Kc7 51. Rb4 Ra1 52. Rb5 Rg1 53. Be4 Rxg3 54. Rb7+ Kc8 55. Re7 Rg4 56. Ke3 Rf4 57. Bc6 Kd8 58. Be8 Kc8 59. Bxf7 Bxf7 60. Rxf7 Kd8 61. Rf8+ Kd7 62. Rg8 Ke6 63. Rxg5 Rf1 64. Ke2 Rf4 65. Kd3 Rf3+ 66. Ke4 Rf1 67. Kd4 Rd1+ 68. Kc5 Rc1+ 69. Kb6 Rb1+ 70. Kc7 Rd1 71. Rg7 Kxe5 72. f7 Rf1 73. Kd7 Rf6 74. Ke7 Re6+ 75. Kf8 Rf6 76. Kg8 Rxf7 77. Rxf7 Ke6 78. Kg7 Ke5 79. Rf6 Ke4 80. Kg6 Ke5 81. Kg5 Ke4 82. Rf5 Ke3 83. Rf4 Kd3 84. Kf5 Ke3 85. Ke5 Kd3 86. Re4 Kc3 87. Rd4 Kb3 88. Kd5 Kc3 89. Kc5 Kc2 90. Kb4 Kb2 91. Rd2+ Ka1 92. Kb3 Kb1 93. Rd1# 1-0


[Site "https://www.chess.com"]

[Event "Titled Tuesday Blitz November 22 Early 2022"]
[White "Gonzalez, Francisco Silva"]
[Black "Corrales Jimenez, Fidel"]
[WhiteFideId "1512285"]
[BlackFideId "3506690"]
[WhiteElo "2159"]
[BlackElo "2541"]
[Result "1-0"]
[Round "04"]
[TimeControl "180+1"]
[Date "2022.11.23"]
[WhiteClock "0:00:30"]
[BlackClock "0:00:07"]

1. d4 Nf6 2. c4 g6 3. Nc3 d5 4. Bf4 Bg7 5. Nf3 O-O 6. e3 c5 7. dxc5 Qa5 8. Rc1 Rd8 9. Qa4 Qxc5 10. b4 Qc6 11. Qb5 a6 12. Qxc6 Nxc6 13. a3 Bf5 14. Na4 Ne4 15. cxd5 Rxd5 16. Bc4 Rdd8 17. Nb6 Bc3+ 18. Ke2 Bb2 19. Nxa8 Rxa8 20. Ng5 Nxg5 21. Bxg5 Bxa3 22. b5 axb5 23. Bxb5 Bxc1 24. Rxc1 Ra2+ 25. Kf3 Ne5+ 26. Kg3 f6 27. Bf4 Ng4 28. Bc4+ Kg7 29. Bxa2 e5 30. Rc7+ Kh8 31. Rxb7 exf4+ 32. exf4 Nh6 33. h3 Be4 34. Rb8+ Kg7 35. f3 Bc6 36. Kf2 Nf5 37. g4 Nd4 38. Rg8+ Kh6 39. Rc8 Kg7 40. h4 f5 41. g5 h5 42. Rg8+ Kh7 43. Rc8 Kg7 44. Ke3 Nc2+ 45. Kd2 Nb4 46. Rc7+ Kh8 47. Bc4 Bxf3 48. Kc3 Nc6 49. Be2 Be4 50. Bd3 Bg2 51. Kc4 Kg8 52. Kc5 Na5 53. Bc4+ Nxc4 54. Kxc4 Bf3 55. Kd4 Bd1 56. Ke5 Ba4 57. Kf6 Kf8 58. Kxg6 Ke8 59. Kxf5 Kd8 60. Ra7 Bc2+ 61. Kf6 Ke8 62. g6 Bb3 63. Kg5 Bd5 64. Kxh5 Kd8 65. Kg5 Kc8 66. f5 Kb8 67. Rd7 1-0


[Site "https://www.chess.com"]

[Event "Titled Tuesday Blitz November 22 Early 2022"]
[White "Gonzalez Vega, Alejandro"]
[Black "Arbunic Castro, Giovanna"]
[WhiteFideId "3510042"]
[BlackFideId "3400549"]
[WhiteElo "2280"]
[BlackElo "1951"]
[Result "1-0"]
[Round "04"]
[TimeControl "180+1"]
[Date "2022.11.23"]
[WhiteClock "0:00:16"]
[BlackClock "0:00:02"]

1. e4 g6 2. d4 Bg7 3. h4 h5 4. Be3 c5 5. c3 d5 6. e5 cxd4 7. cxd4 Nc6 8. Nc3 Nh6 9. Qb3 e6 10. Bd3 Ng4 11. Nf3 Nxe3 12. fxe3 Bh6 13. Ke2 O-O 14. Raf1 f5 15. g3 Na5 16. Qc2 a6 17. b3 b5 18. Rc1 Bd7 19. Qd2 Rc8 20. Kf2 Qb6 21. Kg2 Rc7 22. Ne2 Rfc8 23. Rxc7 Rxc7 24. Rc1 Rxc1 25. Qxc1 Qc6 26. Qd2 Nb7 27. Ng5 a5 28. Nf4 Bxg5 29. hxg5 b4 30. Nxg6 Qc3 31. Qc2 a4 32. Nf4 axb3 33. axb3 Na5 34. Qxc3 bxc3 35. Bc2 Bb5 36. Kf2 Nc6 37. Ke1 Nb4 38. Kd1 Bf1 39. Nxh5 1-0


[Site "https://www.chess.com"]

[Event "Titled Tuesday Blitz November 22 Early 2022"]
[White "Grandelius, Nils"]
[Black "Svane, Rasmus"]
[WhiteFideId "1710400"]
[BlackFideId "4657101"]
[WhiteElo "2617"]
[BlackElo "2674"]
[Result "1/2-1/2"]
[Round "04"]
[TimeControl "180+1"]
[Date "2022.11.22"]
[WhiteClock "0:00:06"]
[BlackClock "0:00:21"]

1. Nf3 d5 2. d4 Nf6 3. c4 e6 4. Nc3 h6 5. Bf4 Bd6 6. Bg3 O-O 7. e3 a6 8. Rc1 dxc4 9. Bxc4 b5 10. Bd3 Bb7 11. O-O Nbd7 12. Ne5 Qe7 13. a4 b4 14. Nb1 Rfd8 15. Nc6 Bxc6 16. Rxc6 Nb8 17. Rc4 Nbd7 18. Nd2 Bxg3 19. hxg3 c5 20. a5 cxd4 21. exd4 Qd6 22. Nf3 Rdb8 23. Qa4 Qd5 24. Rxb4 Rxb4 25. Qxb4 Rb8 26. Qc3 Qd6 27. Rc1 Nd5 28. Qd2 Nb4 29. Bf1 Nf6 30. Ne5 Nfd5 31. Nc4 Qd8 32. Ra1 Nc6 33. Ra3 Nf6 34. Rd3 Nb4 35. Rb3 Nfd5 36. Ne3 Qxa5 37. Nxd5 exd5 38. Bxa6 Qxa6 39. Rxb4 Qa1+ 40. Kh2 Re8 41. Qf4 Qd1 42. Rb8 Qh5+ 43. Kg1 Qd1+ 44. Kh2 Qh5+ 45. Kg1 Qd1+ 46. Kh2 1/2-1/2


[Site "https://www.chess.com"]

[Event "Titled Tuesday Blitz November 22 Early 2022"]
[White "Gubanov, Oleg"]
[Black "Kopylov, Alexander A."]
[WhiteFideId "14115115"]
[BlackFideId "4164857"]
[WhiteElo "2158"]
[BlackElo "2436"]
[Result "0-1"]
[Round "04"]
[TimeControl "180+1"]
[Date "2022.11.23"]
[WhiteClock "0:01:28"]
[BlackClock "0:02:17"]

1. d4 Nf6 2. c4 e6 3. g4 h6 4. g5 hxg5 5. Bxg5 Be7 6. Nc3 d5 7. Bg2 c6 8. Nf3 Nbd7 9. c5 b6 10. cxb6 axb6 11. Qc2 c5 12. e4 O-O 13. exd5 Nxd5 14. Bxe7 Qxe7 15. dxc5 Nxc5 16. Nxd5 exd5+ 17. Kf1 Ba6+ 18. Kg1 Rac8 19. h4 Nd3 20. Qd2 Qf6 21. Ng5 Nf4 22. Rh3 Nxh3+ 23. Bxh3 Rc4 0-1


[Site "https://www.chess.com"]

[Event "Titled Tuesday Blitz November 22 Early 2022"]
[White "Gurevich, Dmitry"]
[Black "Shimanov, Aleksandr"]
[WhiteFideId "2000407"]
[BlackFideId "4198603"]
[WhiteElo "2506"]
[BlackElo "2605"]
[Result "0-1"]
[Round "04"]
[TimeControl "180+1"]
[Date "2022.11.23"]
[WhiteClock "0:00:15"]
[BlackClock "0:00:19"]

1. d4 Nf6 2. c4 g6 3. Nc3 Bg7 4. e4 d6 5. Nf3 O-O 6. Be2 e5 7. O-O h6 8. dxe5 dxe5 9. Be3 Nbd7 10. Nd2 Qe7 11. Nd5 Qd8 12. c5 c6 13. Nxf6+ Nxf6 14. f3 Nh5 15. g3 f5 16. Nc4 Qe7 17. Qd6 Re8 18. Qxe7 Rxe7 19. Nd6 Be6 20. Bc4 Bxc4 21. Nxc4 Nf6 22. Nd6 fxe4 23. fxe4 Rb8 24. Bxh6 Bxh6 25. Rxf6 Be3+ 26. Kg2 Bxc5 27. Rxg6+ Kh7 28. Rf6 Rd8 29. Nf5 Rd2+ 30. Kh3 Red7 31. Rf1 Rxb2 32. Rh6+ Kg8 33. Rg6+ Kh8 34. Nh6 Kh7 35. Re6 Rxa2 36. Rf5 Re7 37. Rxe7+ Bxe7 38. Rf8 Bxf8 0-1


[Site "https://www.chess.com"]